AoeStats
← Chlupinek

Arena

505091899Analyzed
4v4 RM · 24d ago on Sep 7, 2026· 35m 36s· 8 players
Game mode
Random Map
Map size
Large (8 player)
Population
200
Speed
Normal
Resources
Standard
Victory
Conquest
Starting age
Dark Age
Ending age
Imperial Age
RankedLock teamsTeams togetherTeam positionsShared explorationLock speedFull tech treeHidden civsTurbo modeCheats
Victory
Defeat
🇦🇷 Portuguese · Argentina
1675
+14
🇨🇭 Georgians · Switzerland
1631
+16
🇦🇷 Slavs · Argentina
1590
+18
🇦🇷 Koreans · Argentina
1583
+18
🇵🇰 Cumans · Pakistan
1745
-21
🇺🇸 Burgundians · United States
1622
-16
🇨🇿 Berbers · Czechia
1582
-15
🇺🇸 Khitans · United States
1581
-14
Franco Guanajuato
10:03 Feudal Age
13:37 Castle Age
12:49 Double-Bit Axe
18:13 Sanctity
19:56 Redemption
23:53 Loom
28:23 Imperial Age
27:35 Pikeman
28:37 Fletching
31:45 Chemistry
31:16 Devotion
34:34 Horse Collar
35:28 Block Printing
bfish
10:03 Feudal Age
13:43 Castle Age
11:48 Double-Bit Axe
12:14 Horse Collar
15:17 Bow Saw
16:36 Wheelbarrow
19:35 Heavy Plow
24:25 Hand Cart
28:05 Imperial Age
25:56 Scale Barding Armor
26:08 Forging
25:46 Loom
25:46 Town Watch
27:11 Chain Barding Armor
28:08 Iron Casting
27:35 Husbandry
28:10 Bloodlines
29:28 Plate Barding Armor
29:19 Conscription
28:54 Gold Mining
29:57 Elite Monaspa
32:03 Blast Furnace
31:56 Stone Mining
34:56 Siege Engineers
35:01 Masonry
35:26 Crop Rotation
Tequila Sunset
10:36 Feudal Age
15:09 Castle Age
14:39 Fletching
15:38 Double-Bit Axe
17:08 Bodkin Arrow
18:08 Loom
17:55 Crossbowman
19:32 Bow Saw
29:07 Town Watch
Sick Porky Stoner
10:07 Feudal Age
14:00 Castle Age
12:25 Double-Bit Axe
12:27 Horse Collar
15:26 Bow Saw
15:33 Heavy Plow
21:26 Wheelbarrow
23:33 Gold Mining
24:02 Loom
24:34 Hand Cart
28:23 Imperial Age
25:59 Town Watch
26:04 Pikeman
26:44 Squires
26:46 Scale Mail Armor
26:57 Forging
27:34 Chain Mail Armor
29:43 Iron Casting
29:25 Masonry
28:42 Halberdier
28:46 Capped Ram
30:04 Plate Mail Armor
29:49 Man-at-Arms
30:35 Siege Ram
31:31 Long Swordsman
32:52 Conscription
32:39 Druzhina
32:28 Two-Handed Swordsman
34:29 Blast Furnace
34:05 Conscription
33:16 Champion
The Bloody-Nine
2:34 Loom
4:40 Double-Bit Axe
10:57 Feudal Age
15:01 Castle Age
13:02 Horse Collar
13:52 Heavy Plow
14:44 Bow Saw
18:19 Town Watch
19:13 Wheelbarrow
19:36 Loom
22:28 Scale Barding Armor
23:10 Gold Mining
24:08 Chain Barding Armor
23:30 Light Cavalry
24:10 Husbandry
25:23 Forging
27:05 Hand Cart
30:38 Imperial Age
28:52 Gold Shaft Mining
28:07 Stone Mining
29:00 Padded Archer Armor
29:12 Treadmill Crane
29:51 Devotion
32:25 Chemistry
31:54 Leather Archer Armor
32:41 Conscription
32:28 Burgundian Vineyards
31:59 Elite Genitour
32:54 Fletching
34:20 Coinage
33:34 Hussar
34:13 Bodkin Arrow
34:54 Plate Barding Armor
Chlupinek
10:31 Feudal Age
14:26 Castle Age
12:39 Double-Bit Axe
12:57 Horse Collar
19:53 Redemption
24:13 Atonement
26:10 Bow Saw
34:16 Wheelbarrow
MrWrong
9:16 Feudal Age
9:44 Double-Bit Axe
9:41 Domestication
14:46 Gold Mining
17:07 Castle Age
15:42 Fletching
17:50 Bodkin Arrow
18:07 Bow Saw
18:03 Pastoralism
18:56 Bodkin Arrow
19:30 Padded Archer Armor
19:51 Loom
19:54 Heavy Cavalry Archer
24:05 Leather Archer Armor
27:09 Wheelbarrow
29:18 Ballistics
29:28 Thumb Ring
32:31 Imperial Age
30:09 Stone Mining
31:21 Hand Cart
33:17 Bracer
34:19 Chemistry
34:36 Ring Archer Armor
34:19 Scale Mail Armor
35:03 Parthian Tactics
35:25 Ordo Cavalry
35:25 Squires
Mubeen
6:42 Loom
8:43 Feudal Age
9:38 Double-Bit Axe
9:37 Horse Collar
19:34 Castle Age
18:41 Scale Barding Armor
19:43 Bloodlines
20:36 Chain Barding Armor
22:11 Capped Ram
23:57 Forging
27:30 Iron Casting
33:10 Imperial Age
32:20 Wheelbarrow
31:31 Town Watch
33:12 Cavalier
34:29 Plate Barding Armor
35:12 Conscription
Connection lost

Rejoining the realm…

Still unreachable

The connection could not be restored.

Session expired

The server has moved on; the page needs a fresh start.